General information
- name: BNet
- type: Ladder 1vs1/FFA
- host: Battle.net
- saver: LABORDAYWEEKEND
map: TerenasStand
- players: 2
- length: 43:16
- speed: Fast
- version: 1.24 W3XP
- replay type: Public
» download(110 KB)
Players
team 1 (loser)

»
Simmon (
blue | 39 APM | 1707 actions | 43:15)
8 Archmage
3 Summon Water Elemental
3 Brilliance Aura
1 Mass Teleport
1 Blizzard
3 Paladin
2 Devotion Aura
1 Holy Light
» actions
| Assign group hotkey | 28 | |
| Basic commands | 2 | |
| Build / train | 56 | |
| Enter build submenu | 15 | |
| Enter hero's abilities submenu | 11 | |
| Give item / drop item | 2 | |
| Remove unit from queue | 1 | |
| Right click | 1065 | |
| Select / deselect | 410 | |
| Select group hotkey | 25 | |
| Use ability | 92 | |
1707 total
» units
| Peasant | 22 | |
| Footman | 3 | |
| Rifleman | 7 | |
32 total
» upgrades
| Long Rifles | 1 | |
| Gunpowder | 2 | |
| Armor | 2 | |
5 total
» buildings
| Altar of Kings | 1 | |
| Farm | 7 | |
| Barracks | 2 | |
| Blacksmith | 1 | |
| Arcane Vault | 1 | |
| Keep | 1 | |
| Scout Tower | 1 | |
| Workshop | 1 | |
| Arcane Tower | 1 | |
16 total
» build order
00:05 Altar of Kings
00:08 Farm
00:17 Barracks
00:52 Farm
02:23 Farm
03:09 Farm
03:14 Blacksmith
03:18 Arcane Vault
03:41 Keep
03:46 Barracks
04:43 Scout Tower
07:50 Farm
09:17 Farm
09:22 Workshop
10:54 Farm
11:13 Arcane Tower
» items
| Scroll of Regeneration | 1 | |
| Scroll of Healing | 1 | |
| Boots of Speed | 1 | |
3 total
team 2 (winner)
LABORDAYWEEKEND (
green | 48 APM | 2063 actions | 43:16)
6 Goblin Tinker
3 Pocket Factory
2 Engineering Upgrade
1 Robo-Goblin
» actions
| Assign group hotkey | 54 | |
| Basic commands | 91 | |
| Build / train | 90 | |
| ESC pressed | 6 | |
| Enter build submenu | 79 | |
| Enter hero's abilities submenu | 6 | |
| Give item / drop item | 5 | |
| Right click | 761 | |
| Select / deselect | 506 | |
| Select group hotkey | 310 | |
| Use ability | 155 | |
2063 total
» units
| Peasant | 15 | |
| Goblin Shredder | 3 | |
| Gryphon Rider | 4 | |
| Goblin Sapper | 15 | |
| Goblin Zeppelin | 6 | |
43 total
» upgrades
| Masonry | 3 | |
| Storm Hammers | 1 | |
| Swords | 3 | |
| Armor | 2 | |
9 total
» buildings
| Altar of Kings | 1 | |
| Farm | 21 | |
| Scout Tower | 36 | |
| Lumber Mill | 1 | |
| Arcane Tower | 7 | |
| Keep | 1 | |
| Guard Tower | 10 | |
| Castle | 1 | |
| Arcane Vault | 1 | |
| Gryphon Aviary | 3 | |
| Town Hall | 2 | |
| Blacksmith | 2 | |
| Barracks | 1 | |
87 total
» build order
00:10 Altar of Kings
00:13 Farm
00:46 Farm
00:56 Scout Tower
01:03 Lumber Mill
01:11 Farm
01:51 Arcane Tower
02:22 Scout Tower
03:26 Keep
03:30 Farm
03:34 Guard Tower
03:39 Scout Tower
04:13 Guard Tower
05:57 Castle
06:08 Arcane Vault
07:52 Guard Tower
08:01 Scout Tower
08:02 Scout Tower
08:03 Scout Tower
08:14 Gryphon Aviary
08:14 Gryphon Aviary
08:15 Gryphon Aviary
08:22 Town Hall
08:45 Guard Tower
08:49 Guard Tower
09:37 Guard Tower
09:42 Farm
09:48 Blacksmith
09:48 Farm
09:48 Farm
09:52 Blacksmith
10:27 Guard Tower
10:53 Scout Tower
10:53 Scout Tower
10:57 Scout Tower
11:26 Guard Tower
11:30 Guard Tower
12:30 Town Hall
12:33 Scout Tower
12:34 Scout Tower
12:34 Scout Tower
12:35 Scout Tower
12:48 Farm
13:58 Farm
13:58 Farm
15:08 Barracks
19:11 Scout Tower
20:11 Scout Tower
21:02 Scout Tower
21:36 Scout Tower
21:39 Scout Tower
22:12 Scout Tower
22:13 Scout Tower
22:36 Scout Tower
24:18 Scout Tower
25:55 Scout Tower
26:09 Scout Tower
26:16 Scout Tower
27:00 Scout Tower
27:03 Scout Tower
27:43 Scout Tower
28:13 Scout Tower
28:52 Scout Tower
29:24 Scout Tower
30:01 Scout Tower
30:02 Scout Tower
31:54 Farm
33:37 Scout Tower
33:41 Scout Tower
33:43 Scout Tower
34:03 Farm
34:07 Farm
34:18 Farm
34:20 Farm
34:49 Farm
34:51 Farm
35:20 Farm
35:22 Farm
36:06 Farm
36:12 Farm
37:23 Arcane Tower
37:24 Arcane Tower
37:28 Arcane Tower
37:30 Arcane Tower
37:32 Arcane Tower
37:35 Arcane Tower
» items
| Boots of Speed | 1 | |
| Staff of Teleportation | 1 | |
| Lesser Clarity Potion | 1 | |
| Scroll of Regeneration | 2 | |
| Ivory Tower | 7 | |
12 total
Chat log
(32:18 / All) Simmon: i know you have tower
(32:29 / All) LABORDAYWEEKEND: thats right
(32:36 / All) LABORDAYWEEKEND: but u wont find them
(32:49 / All) Simmon: yes but i win you dont have units and no hero
(32:56 / All) LABORDAYWEEKEND: u sure?
(33:12 / All) Simmon: no
(35:43 / All) LABORDAYWEEKEND: hows the weather down there
(36:26 / All) LABORDAYWEEKEND: rofl
(37:21 / All) Simmon: what rofl wanna said ?
(38:49 / All) LABORDAYWEEKEND: hmm
(38:53 / All) LABORDAYWEEKEND: i wonder whats in my blimp
(39:16 / All) LABORDAYWEEKEND: close one!
(40:20 / All) LABORDAYWEEKEND: wonder whats in the blimp this time
(40:22 / All) LABORDAYWEEKEND: tinker? a peon?
(40:25 / All) LABORDAYWEEKEND: maybe atom bomb?
(40:45 / All) Simmon: how gold you have ?
(40:50 / All) LABORDAYWEEKEND: 3193
(40:50 / All) Simmon: how much
(40:57 / All) Simmon: ok
(42:31 / All) LABORDAYWEEKEND: maybe you should sell all your items to the shop
(42:34 / All) LABORDAYWEEKEND: and buy a blimp
(42:58 / All) Simmon: no wood